 Dungeon Crawl Stone Soup version 0.25-a0-87-ga3d287b (webtiles) character file.

Game seed: 14985914347689566622, levelgen mode: deterministic

983 BoppinsLewinski the Spear-Bearer (level 8, 0/61 HPs)
             Began as a Merfolk Monk on Nov 11, 2019.
             Succumbed to an orc wizard's poison
             ... on level 5 of the Dungeon.
             The game lasted 00:12:54 (4385 turns).

BoppinsLewinski the Spear-Bearer (Merfolk Monk)     Turns: 4385, Time: 00:12:55

Health: 0/61       AC: 13    Str: 16    XL:     8   Next: 17%
Magic:  8/8        EV: 18    Int:  9    God:
Gold:   222        SH:  0    Dex: 21    Spells: 7/7 levels left

rFire    . . .     SeeInvis .   b - +0 scythe
rCold    . . .     Gourm    .   (shield currently unavailable)
rNeg     . . .     Faith    .   l - +0 scale mail
rPois    +         Spirit   .   q - +0 helmet
rElec    .         Reflect  .   (no cloak)
rCorr    .         Harm     .   (no gloves)
MR       .....                  (no boots)
Stlth    ++........             (no amulet)
HPRegen  0.20/turn              d - +6 ring of protection
MPRegen  0.11/turn              r - ring of poison resistance

@: agile, lethally poisoned (0 -> -10), flying
A: change form in water, swift swim, stealthy swim, screaming 1, strong 1
a: no special abilities


You were on level 5 of the Dungeon.
You were not hungry.

You visited 1 branch of the dungeon, and saw 5 of its levels.

You collected 222 gold pieces.

Inventory:

Hand Weapons
 a - a +0 spear
 b - a +0 scythe (weapon)
Armour
 l - a +0 scale mail (worn)
 q - a +0 helmet (worn)
 v - a +0 chain mail
Jewellery
 d - a +6 ring of protection (left hand)
 e - an uncursed ring of protection from magic
 r - a ring of poison resistance (right hand)
Scrolls
 f - 3 scrolls of enchant weapon {unknown}
 g - 6 scrolls of remove curse
 h - 3 scrolls of blinking {unknown}
 i - a scroll of random uselessness {unknown}
 j - a scroll of fog {unknown}
 m - a scroll of magic mapping {unknown}
 o - 3 scrolls of teleportation {unknown}
 s - a scroll of identify {unknown}
Potions
 t - a potion of mutation
Comestibles
 c - 11 rations
 u - 3 chunks of flesh


   Skills:
 + Level 4.9 Fighting
 * Level 11.0 Polearms
 + Level 2.2 Armour
 + Level 5.9 Dodging
 - Level 2.1 Stealth


You had 7 spell levels left.
You didn't know any spells.
Your spell library was empty.

Dungeon Overview and Level Annotations

Branches:
Dungeon (5/15)
 Temple: D:4-7

Altars:
Dithmenos
Gozag
Makhleb

Shops:
D:5 :


Innate Abilities, Weirdness & Mutations

You revert to your normal form in water.
You are very nimble and swift while swimming.
You are very stealthy in the water. (Stealth+)
You occasionally shout uncontrollably at your foes.
Your muscles are strong. (Str +2)


Message History

Unknown command.
* * * LOW HITPOINT WARNIN'
* * * Ye feel sick.
Tha orc misses ye. x2
* * * LOW HITPOINT WARNIN'
* * * Ye feel sick.
Tha orc wizard mumbles some strange words.
Tha orc wizard blinks!
Tha orc hits ye but does nay damage.
Tha orc misses ye.
* * * LOW HITPOINT WARNIN'
* * * Ye feel sick.
Tha orc barely misses ye.
* * * LOW HITPOINT WARNIN'
* * * Ye feel sick.
Tha orc wizard misses ye.
* * * LOW HITPOINT WARNIN'
* * * Ye feel sick.
Tha orc wizard casts a spell at ye.
Tha magic dart hits ye but does nay damage.
Tha orc completely misses ye.
Tha orc closely misses ye.
* * * LOW HITPOINT WARNIN'
* * * Ye feel sick.
Tha orc wizard barely misses ye.
Tha orc closely misses ye.
Tha orc wizard barely misses ye.
Tha orc misses ye.
Ye die...

###..#o .....
#..# ###..#
#....# # #....#
.#.#..#o#
......#o#
..#.#..o@#######
......o.......#
#.###.....≈≈≈≈≈#
. ##.##.≈###≈#
#. ##≈#∩#≈#
##.###†#'#≈#
......≈≈.≈≈#
.........#.# #.
.........#.#...


You could see an orc wizard and 3 orcs.

Vanquished Creatures
  Sigmund (D:3)
  Duvessa (D:4)
  An ice beast (D:5)
  Dowan (D:4)
  2 scorpions
  A crimson imp (D:5)
  A hound (D:2)
  A jelly (D:4)
  An orc priest (D:5)
  A worker ant (D:4)
  3 orc wizards (D:5)
  A hound zombie (D:5)
  Robin (D:3)
  A gnoll (D:1)
  10 adders
  2 worms
  3 dart slugs (D:1)
  2 leopard geckos
  7 orcs
  6 bats
  4 giant cockroaches (D:1)
  12 goblins
  17 hobgoblins
  3 jackals (D:2)
  A quokka (D:3)
  7 frilled lizards
  7 kobolds
  9 rats
107 creatures vanquished.

Notes
Turn   | Place    | Note
-------+----------+-------------------------------------------
     0 | D:1      | BoppinsLewinski the Merfolk Monk began the quest for the
                  | Orb.
     0 | D:1      | Reached XP level 1. HP: 18/18 MP: 1/1
    90 | D:1      | Reached XP level 2. HP: 24/24 MP: 2/2
   308 | D:1      | You fall into a shaft and drop 1 floor!
   315 | D:2      | Reached skill level 5 in Polearms
   464 | D:2      | Reached XP level 3. HP: 29/29 MP: 3/3
  1069 | D:2      | Reached XP level 4. HP: 37/37 MP: 4/4
  1161 | D:2      | Reached skill level 1 in Armour
  1686 | D:2      | Reached skill level 6 in Polearms
  1738 | D:2      | Reached XP level 5. HP: 40/42 MP: 5/5
  1906 | D:2      | Found a burning altar of Makhleb.
  2362 | D:3      | Reached skill level 5 in Dodging
  2384 | D:3      | Noticed Sigmund
  2577 | D:3      | Killed Sigmund
  2577 | D:3      | Reached skill level 7 in Polearms
  2577 | D:3      | Reached XP level 6. HP: 32/49 MP: 6/6
  2713 | D:3      | Found an opulent altar of Gozag.
  2858 | D:3      | Noticed Robin
  2886 | D:3      | Killed Robin
  3348 | D:3      | Found a shadowy altar of Dithmenos.
  3497 | D:4      | Reached skill level 8 in Polearms
  3781 | D:4      | Noticed Duvessa
  3781 | D:4      | Noticed Dowan
  3782 | D:4      | Gained mutation: You occasionally shout uncontrollably at
                  | your foes. [potion of mutation]
  3782 | D:4      | Gained mutation: Your muscles are strong. (Str +2) [potion
                  | of mutation]
  3789 | D:4      | Reached XP level 7. HP: 55/55 MP: 7/7
  3801 | D:4      | Killed Duvessa
  3801 | D:4      | Reached skill level 9 in Polearms
  3827 | D:4      | Killed Dowan
  4115 | D:5      | Entered Level 5 of the Dungeon
  4126 | D:5      | Reached skill level 10 in Polearms
  4274 | D:5      | Reached XP level 8. HP: 50/61 MP: 8/8
  4300 | D:5      | Found Zil Zorphi's Book Shop.
  4368 | D:5      | Reached skill level 11 in Polearms
  4382 | D:5      | HP: 2/61 [poisoned by an orc wizard]
  4385 | D:5      | Succumbed to an orc wizard's poison

Levels and vault maps discovered:
D:1:      wheals_arrival_shading, layout_basic
D:2:      layout_basic, makhleb_heckhound_becter
D:3:      layout_basic, old_standard_altar, nicolae_overflow_hidden_temple,
          uniq_sigmund, uniq_robin
D:4:      layout_basic, first_ration, uniq_duvessa
D:5:      layout_basic, serial_shops, kennysheep_mini_moat,
          chequers_serial_rivers_marsh, tso_metal_star

Skill      XL: |  1  2  3  4  5  6  7  8 |
---------------+-------------------------+-----
Polearms       | 5 6 7 8 10 11 | 11.0
Armour         | 1 2 |  2.2
Fighting       | 4 |  4.9
Dodging        | 5 |  5.9
Stealth        | |  2.1

Action                   |  1- 3 |  4- 6 |  7- 9 || total
-------------------------+-------+-------+-------++-------
Melee: Spear             |   128 |   187 |       ||   315
       Scythe            |       |    72 |   113 ||   185
  Use: Potion            |       |     4 |     6 ||    10
       Scroll            |       |     1 |     1 ||     2
 Stab: Sleeping          |    16 |     5 |       ||    21
       Distracted        |       |     1 |       ||     1
  Eat: Chunk             |     1 |     8 |     3 ||    12
Armor: Robe              |     6 |       |       ||     6
       Leather armour    |     2 |    17 |       ||    19
       Scale mail        |       |    59 |    80 ||   139
Dodge: Dodged            |    44 |   140 |   117 ||   301

Table legend:
 A = Non-vault XP
 B = Vault XP
 C = Vault XP percentage of total XP
 D = Non-vault monster count
 E = Vault monster count
 F = Vault count percentage of total count
                 A         B        C        D         E       F
            +---------+---------+-------+---------+---------+-------
      Total |     867 |     538 |  38.3 |      92 |      15 |  14.0
            +---------+---------+-------+---------+---------+-------
        D:1 |      69 |       0 |   0.0 |      30 |       0 |   0.0
        D:2 |     112 |      42 |  27.3 |      29 |       1 |   3.3
        D:3 |      58 |     266 |  82.1 |      11 |      12 |  52.2
        D:4 |     154 |     230 |  59.9 |       5 |       2 |  28.6
        D:5 |     474 |       0 |   0.0 |      17 |       0 |   0.0
            +---------+---------+-------+---------+---------+-------
